 Dungeon Crawl Stone Soup version 0.19-a0-628-g9200b3b (webtiles) character file.

105 Stormphoenix the Poker (level 5, -8/41 HPs)
             Began as a Formicid Abyssal Knight on June 13, 2016.
             Was a Believer of Lugonu.
             Killed from afar by an orc wizard (9 damage)
             ... with a puff of flame
             ... on level 3 of the Dungeon.
             The game lasted 00:05:18 (2050 turns).

Stormphoenix the Poker (Formicid Abyssal Knight)    Turns: 2050, Time: 00:05:18

Health: -8/41      AC:  7    Str: 18      XL:     5   Next: 8%
Magic:  6/6        EV: 10    Int:  9 (11) God:    Lugonu [**....]
Gold:   99         SH:  0    Dex: 14 (15) Spells: 0 memorised, 4 levels left

rFire  . . .     SeeInvis +     a - +1 spear
rCold  . . .     Gourm    .     h - +0 ring mail
rNeg   . . .     Faith    .     (no shield)
rPois  .         Spirit   .     (helmet unavailable)
rElec  .         Dismiss  .     (no cloak)
rCorr  .         Reflect  .     j - +0 pair of gloves
SustAt .         Harm     .     l - +0 pair of boots
MR     .....                    (no amulet)
Stlth  +.........               (no ring)
                                d - +5 ring of dexterity

@: not resistant to hostile enchantments, very unstealthy
A: permanent stasis, dig shafts and tunnels, four strong arms, antennae 3
a: Dig, Shaft Self, Depart the Abyss, Bend Space, Renounce Religion


You were on level 3 of the Dungeon.
You worshipped Lugonu.
Lugonu was pleased with you.
You were hungry.

You visited 1 branch of the dungeon, and saw 3 of its levels.
You visited the Abyss 1 time.

You collected 99 gold pieces.

Inventory:

Hand Weapons
 a - a +1 spear (weapon)
Armour
 h - a +0 ring mail (worn)
 j - a +0 pair of gloves (worn)
 l - a +0 pair of boots (worn)
Jewellery
 d - a +5 ring of dexterity (left hand)
Scrolls
 i - 2 scrolls of identify
Comestibles
 c - 2 bread rations
 g - 2 beef jerkies
 k - a meat ration


   Skills:
 - Level 3.2 Fighting
 + Level 4.8 Polearms
 - Level 2.1 Armour
 - Level 0.8 Dodging
 - Level 2.1 Invocations


You had 4 spell levels left.
You didn't know any spells.

Dungeon Overview and Level Annotations

Branches:
Dungeon (3/15)

Altars:


Innate Abilities, Weirdness & Mutations

You are under a permanent stasis effect.
You can dig through walls and to a lower floor.
Your four strong arms can wield two-handed weapons with a shield.
You have a pair of large antennae on your head. (SInv)


Message History

The orc wizard casts a spell at you. The magic dart hits you!
* * * LOW HITPOINT WARNING * * *
The orc hits you with a club.
* * * LOW HITPOINT WARNING * * *
You hit the orc wizard.
The orc wizard is almost dead.
The orc wizard mumbles some strange words.
The orc wizard flickers and vanishes for a moment.
The orc hits you but does no damage.
You hit the orc wizard but do no damage.
The orc wizard is almost dead.
The orc wizard hits you with a dagger.
* * * LOW HITPOINT WARNING * * *
The orc hits you but does no damage. x2
You closely miss the orc wizard.
The orc wizard is almost dead.
The orc wizard gestures at you while chanting.
The puff of flame hits you!
You die...

#. ..# #.. #. #.#
#.# ## #. #.# #.#
... #. #.# #.#
..##.##.#
#.######.# .
......# #.#......#
....##.#o$####.#.##
#.#
....>.o@..........#
#.#
.....###o.####.#).#
#.# ... #..#
#.#.<###.# # #....
..#.(..#.#
#.#########..#.#
#.. ........(..#
###########..####
..............
########..###.


You could see an orc wizard (invisible) and 2 orcs.

Vanquished Creatures
  An orc priest (D:3)
  An adder (D:2)
  A worm (D:2)
  5 dart slugs
  A giant gecko (D:1)
  An orc (D:3)
  6 bats
  A giant cockroach (D:3)
  5 goblins
  6 hobgoblins
  4 jackals (D:2)
  A quokka (D:2)
  2 giant newts
  7 kobolds
  10 rats
52 creatures vanquished.

Notes
Turn   | Place    | Note
--------------------------------------------------------------
     0 | Abyss:1  | Stormphoenix the Formicid Abyssal Knight began the quest for the Orb.
     0 | Abyss:1  | Reached XP level 1. HP: 18/18 MP: 2/2
    33 | Abyss:1  | Noticed a raiju
    52 | Abyss:1  | Noticed a thrashing horror
    53 | D:1      | Escaped the Abyss
   101 | D:1      | Reached XP level 2. HP: 24/24 MP: 3/3
   121 | D:1      | Reached * piety under Lugonu
   125 | D:1      | Reached skill level 3 in Polearms
   517 | D:1      | Reached XP level 3. HP: 29/29 MP: 4/4
  1129 | D:2      | Reached skill level 4 in Polearms
  1129 | D:2      | Reached XP level 4. HP: 14/35 MP: 5/5
  1353 | D:2      | Reached ** piety under Lugonu
  2027 | D:3      | Reached XP level 5. HP: 22/41 MP: 6/6
  2047 | D:3      | HP: 2/41 [orc wizard/magic dart (6)]
  2050 | D:3      | Killed from afar by an orc wizard

Vault maps used:
D:1:      saegor_arrival_simple_b
D:3:      okawaru_altar_gauntlet_db

Skill      XL: |  1  2  3 |
---------------+----------+-----
Polearms       | 3 4 |  4.8
Fighting       | |  3.2
Armour         | |  2.1
Dodging        | |  0.8
Invocations    | |  2.1

Action                   |  1- 3 |  4- 6 || total
-------------------------+-------+-------++-------
Melee: Spear             |   121 |    81 ||   202
Invok: Depart the Abyss  |     1 |       ||     1
  Use: Potion            |     3 |     4 ||     7
       Scroll            |     2 |     4 ||     6
  Eat: Chunk             |     1 |     2 ||     3
Armor: Leather armour    |    22 |       ||    22
       Ring mail         |       |    43 ||    43
Dodge: Dodged            |    58 |    48 ||   106
